Map: Frozen Temple

Players

ByuN - Winner!

  • Race: Terran Terran

TYTY (TY)

  • Race: Terran Terran

Event: 2016 WCS Global Finals

VOD

Have the link to the VOD?

Description

Time

  • Played on: Nov. 4, 2016, 5:56 p.m.
  • Length: 16:27

All games in this series

Show
View Real Time Build Order
Export as new Build Order

ByuN Terran - Winner!

Build Orders: 3 Reaper 2 Hellion, Bio Tank 

Get SALT Encoding   

  12  0:00  SCV  
  13  0:12  SCV  
  14  0:17  Supply Depot  
  14  0:24  SCV  
  14  0:28  Refinery  
  15  0:39  SCV  
  16  0:43  Barracks  
  16  0:51  SCV  
  16  0:54  Refinery  
  17  1:03  SCV  
  18  1:15  SCV  
  19  1:30  Orbital Command  
  19  1:31  Reaper  
  20  1:35  Factory  
  20  1:45  Supply Depot  
  20  1:55  SCV  
  21  2:03  Reaper  
  23  2:08  SCV  
  23  2:19  Hellion  
  25  2:23  Command Center  
  25  2:24  SCV  
  26  2:34  Supply Depot  
  26  2:36  Barracks Reactor  
  26  2:37  SCV  
  27  2:41  Hellion  
  29  2:49  SCV  
  30  2:52  Starport  
  30  3:01  SCV  
  30  3:02  Factory Tech Lab  
  31  3:13  SCV, Marine x2  
  34  3:21  Siege Tank  
  34  3:26  SCV  
  38  3:31  Marine  
  39  3:35  Medivac, Marine  
  36  3:42  SCV  
  36  3:44  Orbital Command  
  37  3:49  Marine  
  37  3:53  Cyclone, Marine  
  43  3:56  SCV  
  44  4:03  Supply Depot  
  44  4:07  Marine  
  44  4:08  Viking  
  47  4:10  Marine  
  47  4:16  SCV x2  
  49  4:26  Marine  
  49  4:28  SCV x2  
  51  4:37  Supply Depot  
  51  4:40  SCV x2  
  53  4:49  Marine  
  53  4:50  Marine  
  46  4:52  SCV  
  46  4:53  SCV  
  46  4:56  Siege Tank  
  53  5:00  Viking  
  54  5:09  SCV  
  54  5:10  SCV  
  54  5:11  Command Center  
  54  5:12  Marine x2  
  57  5:16  Supply Depot  
  57  5:21  SCV  
  58  5:22  SCV  
  58  5:27  Refinery  
  58  5:28  Refinery  
  59  5:36  SCV x2  
  59  5:37  Supply Depot  
  59  5:39  Barracks Tech Lab  
  64  5:43  Viking, Engineering Bay  
  64  5:44  Viking, Engineering Bay  
  65  5:51  SCV x2  
  65  5:52  Siege Tank  
  70  6:03  SCV x2  
  64  6:05  Marine  
  64  6:09  Barracks  
  64  6:10  Barracks  
  60  6:18  Terran Infantry Weapons Level 1, Terran Infantry Armor Level 1  
  60  6:21  Command Center  
  60  6:23  Marine  
  61  6:26  Siege Tank  
  61  6:30  SCV  
  65  6:32  Supply Depot  
  65  6:35  Medivac x2  
  69  6:40  SCV  
  69  6:43  SCV, Marine  
  72  6:55  Stimpack  
  72  6:59  Barracks Reactor x2  
  72  7:00  Barracks  
  72  7:01  Barracks, SCV x2, Marine  
  74  7:05  Supply Depot  
  75  7:11  Viking x2  
  79  7:16  SCV  
  79  7:17  SCV, Supply Depot  
  79  7:19  Siege Tank, Marine  
  85  7:35  SCV x2  
  86  7:47  SCV x2  
  86  7:49  Marine x4  
  86  7:50  Marine, Barracks Reactor x2  
  88  7:52  Armory  
  88  7:57  Medivac x2  
  91  8:00  Supply Depot  
  91  8:03  SCV  
  91  8:04  SCV  
  93  8:06  Supply Depot  
  93  8:07  Marine x3  
  93  8:08  Marine x2  
  93  8:10  Siege Tank  
  101  8:18  Orbital Command  
  101  8:21  Refinery  
  101  8:22  Refinery  
  101  8:24  SCV x2  
  101  8:25  Marine x2  
  101  8:26  Marine  
  102  8:35  Marine  
  102  8:36  SCV x2, Marine x2  
  107  8:42  Siege Tank  
  110  8:49  Supply Depot  
  110  8:50  Terran Infantry Armor Level 2, Terran Infantry Weapons Level 2  
  110  8:52  SCV, Supply Depot  
  110  8:53  SCV  
  107  9:08  Marine  
  107  9:09  Marine  
  109  9:12  Marine x2  
  109  9:15  Marine x2  
  109  9:16  Marine  
  112  9:19  Marine  
  112  9:22  Marine  
  102  9:26  Marine  
  102  9:27  Marine  
  102  9:29  SCV x3, Marine  
  102  9:30  Marine  
  102  9:31  Medivac x2  
  110  9:33  Marine x2, Combat Shields  
  110  9:35  Siege Tank  
  115  9:41  Supply Depot  
  115  9:42  Supply Depot  
  115  9:46  Marine x5  
  115  9:47  Marine  
  115  9:48  Marine  
  122  9:58  SCV x3, Factory  
  125  10:06  Marine x2  
  127  10:07  Siege Tank, Marine x3  
  127  10:08  Marine x4  
  134  10:22  Medivac x2  
  134  10:24  Marine x2  
  137  10:36  Marine  
  137  10:37  Marine  
  137  10:39  Siege Tank  
  142  10:47  Sensor Tower, Marine x6  
  142  10:48  Marine  
  135  10:52  Medivac x2  
  135  10:54  Marine x2  
  140  10:58  Supply Depot  
  140  11:01  Factory Tech Lab  
  139  11:05  Marine  
  139  11:07  Terran Infantry Weapons Level 3  
  140  11:11  Siege Tank  
  143  11:18  Marine  
  143  11:19  Marine x5  
  143  11:21  Command Center  
  149  11:29  Siege Tank  
  152  11:36  Marine  
  152  11:37  Marine x6  
  159  11:43  Siege Tank  
  161  11:50  Marine  
  161  11:52  Marine  
  156  11:54  Marine x2  
  158  12:01  Siege Tank  
  158  12:02  Marine x2  
  158  12:04  Marine  
  158  12:06  Marine  
  147  12:15  Siege Tank, Marine  
  147  12:16  Marine x4  
  147  12:20  Marine x2  
  149  12:24  Barracks  
  149  12:25  Barracks, Medivac x2  
  149  12:29  Marine  
  153  12:30  Marine  
  153  12:33  Siege Tank, Marine x3  
  153  12:35  Planetary Fortress  
  160  12:48  Siege Tank  
  163  12:53  Marine x5  
  163  12:55  Medivac x2  
  167  13:05  Siege Tank  
  167  13:06  Marine x4  
  167  13:10  Marine  
  167  13:11  Marine  
  172  13:14  Marine  
  172  13:15  Marine x3  
  176  13:25  Viking x2, Marine x2  
  180  13:27  Missile Turret  
  180  13:28  Terran Infantry Armor Level 3  
  180  13:38  Marine  
  180  13:39  Marine x2  
  180  13:40  Siege Tank  
  185  13:43  Marine  
  186  13:53  Marine x7  
  186  13:55  Viking x2, Marine  
  179  13:57  Siege Tank, Marine  
  179  13:58  Marine  
  179  14:01  Marine  
  170  14:11  Marine x4  
  170  14:12  Siege Tank  
  174  14:18  Marine  
  174  14:24  Marine x2  
  167  14:29  Siege Tank  
  171  14:34  Marine  
  171  14:36  Medivac x2  
  176  14:45  Siege Tank  
  179  15:06  Medivac x2  
  183  15:09  Orbital Command, Marine x6  
  183  15:13  Marine  
  186  15:32  Marine x4  
  189  15:48  Supply Depot  
Show
View Real Time Build Order
Export as new Build Order

TYTY Terran 

Build Orders: Bio Tank 

Get SALT Encoding   

  12  0:00  SCV  
  13  0:12  SCV  
  14  0:17  Supply Depot  
  14  0:24  SCV  
  14  0:28  Refinery  
  15  0:39  SCV  
  16  0:45  Barracks  
  16  0:51  SCV  
  17  1:03  SCV  
  18  1:15  SCV  
  19  1:32  Marine  
  21  1:33  Factory  
  21  1:34  Orbital Command  
  20  1:46  Supply Depot  
  20  1:50  Reaper  
  21  1:59  SCV  
  22  2:12  Command Center  
  22  2:14  SCV  
  23  2:19  Hellion  
  25  2:22  Reaper  
  25  2:27  SCV  
  26  2:34  Supply Depot  
  26  2:39  SCV  
  26  2:41  Hellion  
  29  2:46  Refinery  
  29  2:51  SCV  
  29  2:55  Barracks Reactor  
  30  3:02  Starport  
  30  3:03  SCV  
  31  3:10  Factory Tech Lab  
  31  3:15  SCV  
  32  3:26  Orbital Command  
  32  3:29  SCV  
  32  3:30  Cyclone  
  32  3:31  Marine  
  37  3:41  SCV  
  35  3:45  Marine  
  36  3:51  Marine  
  36  3:53  SCV  
  36  3:54  SCV  
  39  4:05  Siege Tank, SCV  
  39  4:06  SCV  
  39  4:07  Marine  
  39  4:09  Marine  
  44  4:17  SCV  
  44  4:23  Medivac  
  47  4:26  SCV  
  47  4:27  Marine x2  
  49  4:32  SCV  
  48  4:38  SCV  
  44  4:48  Siege Tank  
  44  4:49  SCV  
  44  4:50  Marine x2  
  44  4:51  SCV  
  47  4:59  Supply Depot  
  47  5:00  Viking  
  47  5:01  SCV  
  47  5:03  SCV  
  47  5:04  Command Center  
  51  5:08  Marine  
  51  5:10  Marine  
  51  5:12  Supply Depot  
  51  5:13  SCV  
  54  5:21  SCV  
  55  5:24  Siege Tank  
  55  5:25  SCV  
  55  5:27  Marine  
  55  5:28  Marine  
  61  5:29  Refinery  
  61  5:30  Refinery  
  61  5:33  SCV  
  62  5:37  SCV  
  62  5:38  Supply Depot  
  62  5:39  Viking  
  65  5:45  SCV, Marine  
  65  5:46  Marine  
  65  5:49  SCV  
  67  5:57  SCV  
  67  5:59  Siege Tank  
  67  6:01  SCV  
  67  6:03  Marine x2  
  72  6:09  SCV  
  75  6:14  Barracks x2, SCV  
  76  6:21  SCV  
  76  6:26  Orbital Command, SCV  
  76  6:29  Engineering Bay  
  76  6:32  Viking, Engineering Bay, Barracks Tech Lab  
  78  6:33  SCV  
  78  6:35  Viking  
  78  6:38  SCV  
  82  6:42  Siege Tank  
  82  6:46  SCV  
  86  6:50  SCV  
  86  6:52  Marine  
  86  6:53  SCV, Supply Depot, Stimpack  
  89  6:58  SCV  
  90  7:02  SCV  
  90  7:03  Terran Infantry Weapons Level 1, Terran Infantry Armor Level 1  
  90  7:04  Medivac  
  93  7:14  SCV x2, Marine  
  93  7:15  Supply Depot x2  
  98  7:17  Barracks Reactor x2  
  98  7:21  SCV  
  98  7:22  Supply Depot  
  99  7:25  Supply Depot  
  99  7:26  SCV, Supply Depot  
  99  7:27  Supply Depot  
  100  7:32  Marine  
  100  7:35  Siege Tank  
  98  7:37  Viking x2  
  98  7:38  SCV x2  
  100  7:49  SCV, Marine  
  100  7:50  SCV  
  97  7:52  SCV  
  97  7:54  Marine x2  
  97  7:55  Marine x2  
  102  7:59  Barracks, Armory  
  102  8:00  Barracks  
  102  8:01  SCV  
  102  8:02  SCV  
  102  8:04  SCV  
  105  8:07  Marine  
  105  8:11  Refinery x2, Supply Depot, Medivac  
  105  8:12  Marine x2  
  108  8:14  SCV  
  108  8:15  Siege Tank  
  108  8:17  Marine x2  
  116  8:25  Marine  
  113  8:27  SCV x2  
  113  8:30  Marine  
  113  8:35  Marine x2  
  113  8:38  Marine  
  113  8:39  Medivac  
  115  8:41  Medivac  
  115  8:43  Marine  
  115  8:47  Siege Tank, Marine x2  
  115  8:48  Marine  
  122  8:53  Marine x2  
  122  8:54  Combat Shields  
  121  8:55  Marine  
  121  9:01  SCV x2  
  121  9:02  Marine  
  123  9:05  Marine  
  124  9:11  Marine x3, Medivac x2  
  125  9:18  SCV x2  
  125  9:22  Missile Turret  
  125  9:28  Marine  
  125  9:29  Marine  
  125  9:30  Barracks Reactor  
  125  9:31  Siege Tank, Barracks Reactor  
  107  9:38  Refinery  
  112  9:39  Marine x2  
  112  9:40  Marine  
  112  9:41  Command Center  
  112  9:44  Factory  
  113  9:47  Medivac  
  113  9:49  Marine x2  
  117  9:56  Sensor Tower  
  117  9:57  Medivac, Marine  
  117  9:58  Marine  
  117  9:59  Marine  
  122  10:01  SCV  
  122  10:06  Siege Tank  
  126  10:07  Marine x3  
  126  10:08  Marine x3  
  130  10:15  Marine  
  127  10:22  Marine x2  
  127  10:24  Medivac  
  127  10:25  Marine x2  
  127  10:27  Medivac  
  124  10:29  Marine x2  
  124  10:30  Marine x2  
  124  10:31  Terran Infantry Armor Level 2  
  122  10:43  Terran Infantry Weapons Level 2  
  122  10:44  Marine x2  
  122  10:45  Marine x2  
  122  10:46  Marine  
  122  10:47  Marine x3  
  127  10:52  Refinery, Marine  
  127  10:54  Siege Tank  
  127  10:55  Factory Tech Lab  
  128  11:02  Marine x3  
  131  11:06  Marine x4  
  131  11:07  Marine  
  131  11:08  Missile Turret  
  131  11:10  Marine  
  137  11:13  Terran Vehicle Weapons Level 1  
  137  11:20  Siege Tank, Marine x3  
  137  11:21  SCV x2  
  137  11:24  Marine x4  
  150  11:27  Marine  
  150  11:28  Supply Depot  
  150  11:29  Siege Tank  
  154  11:38  Medivac, Marine x3  
  159  11:42  Marine x2  
  144  11:54  Siege Tank  
  144  11:56  Marine  
  144  11:57  Marine x4  
  152  12:01  Siege Tank  
  152  12:03  SCV x2  
  155  12:13  Viking  
  147  12:20  Marine x4  
  147  12:22  Marine x3  
  149  12:28  SCV x2  
  154  12:34  Siege Tank x2  
  154  12:36  Orbital Command  
  160  12:38  Marine x2  
  160  12:39  Marine x3  
  165  12:53  Sensor Tower  
  165  13:01  Marine x3  
  164  13:06  Cyclone  
  168  13:21  Siege Tank, Marine x2  
  168  13:22  Marine  
  173  13:27  Supply Depot  
  173  13:40  Terran Infantry Weapons Level 3  
  173  13:49  Siege Tank, Marine x5  
  173  13:52  Marine  
  179  13:58  Orbital Command  
  179  14:01  Siege Tank  
  165  14:04  Marine  
  165  14:05  Marine  
  165  14:06  Medivac, Marine  
  165  14:12  Marine x4  
  165  14:13  Marine  
  165  14:14  Marine  
  165  14:15  Medivac  
  161  14:28  Orbital Command  
  161  14:43  Supply Depot  
  161  14:44  Supply Depot  
  161  14:50  Orbital Command  
  161  15:01  Supply Depot  
  161  15:06  Marine x4  
  165  15:20  Sensor Tower  
  165  15:22  Marine  
  165  15:23  Medivac, Marine x5  
  170  15:33  Marine x3  
  168  15:40  Marine  
  166  15:50  Missile Turret  
  165  16:01  Supply Depot x2  
  165  16:02  Supply Depot  
  164  16:05  Marine  
Tags
 
Add a new tag
Caveats
  • Supply blocks, unpowered buildings, or Contaminate may cause inaccurate times.
  • Supply counts are checked every 10 seconds.